cohdb
Replays
Latest Replays
All Replays
Popular Replays
Top Player Replays
Match Explorer
How It Works
Community
CoH3 Stats
Reddit
Sign in to upload your games and track your stats! →
Sign in with Steam
Match 45905222
Unlisted
Match 45905222
Overview
Messages
Build Orders
End
Construct Infanterie Kompanie
Kettenkrad Recon Vehicle
MG 42 Machine Gun Team
Grenadier Squad
Grenadier Squad
Construct Panzergrenadier Kompanie
251 Medium Carrier
Panzergrenadier Squad
Pak 40 Anti-tank Gun Team
Selects Mechanized Battlegroup
Selects Mobile Repair Stations
Selects Raid Package
Panzergrenadier Squad
Support Elements
Medical Station
Nebelwerfer 42 Rocket Launcher Team
Selects StuG Assault Group
Selects UNKNOWN (2160084)
Construct Panzer Kompanie
Panther Heavy Tank
Selects Spotting Scopes
Selects Wespe Self-propelled Artillery
Wespe Self-propelled Artillery
Wespe Self-propelled Artillery
Panther Heavy Tank
Elko8001
Aleator
Curved_Air
Inscrutable
JVM
Lord Phoenix
Gorlomir
Cri$py
0
0
Comments
sign in to comment!
No comments posted yet!